 Dungeon Crawl Stone Soup version 0.30-a0-808-g6e0788376e (webtiles) character file.

Game seed: 8145152320319578829

16 NinjaNoafa the Poker (level 2, 0/26 HPs)
             Began as a Hill Orc Monk on Feb 26, 2023.
             Frozen to death by an endoplasm (4 damage)
             ... on level 1 of the Dungeon.
             The game lasted 00:04:03 (195 turns).

NinjaNoafa the Poker (Hill Orc Monk)                 Turns: 195, Time: 00:04:04

Health: 0/26       AC:  2    Str: 13    XL:     2   Next: 54%
Magic:  2/2        EV: 12    Int: 10    God:
Gold:   31         SH:  0    Dex: 13    Spells: 1/1 levels left

rFire   . . .      SeeInvis .    a - +0 spear
rCold   . . .      Faith    .    (no shield)
rNeg    . . .      Spirit   .    b - +0 robe
rPois   .          Reflect  .    (no helmet)
rElec   .          Harm     .    (no cloak)
rCorr   .          Rampage  .    (no gloves)
Will    .....                    (no boots)
Stlth   +                        (no amulet)
HPRegen 0.24/turn                (no ring)
MPRegen 0.08/turn                (no ring)

@: confused, ambrosia-drunk
A: no striking features
a: no special abilities


You were on level 1 of the Dungeon.
You visited 1 branch of the dungeon, and saw 1 of its levels.

You collected 31 gold pieces.

Inventory:

Hand Weapons
 a - a +0 spear (weapon)
Armour
 b - a +0 robe (worn)
Scrolls
 d - a scroll of identify {unknown}
Potions
 e - a potion of brilliance {unknown}


   Skills:
 - Level 3.6 Fighting
 + Level 4.2 Polearms
 - Level 2.4 Dodging
 - Level 1.5 Stealth


You had one spell level left.
You didn't know any spells.
Your spell library contained the following spells:

 Spells                   Type           Power      Damage    Failure   Level
 Static Discharge         Conj/Air       0%         2-2/arc   50%         2
 Vhi's Electric Charge    Tloc/Air       0%         N/A       75%         3
 Arcjolt                  Conj/Air       0%         1d10      100%        5
 Lightning Bolt           Conj/Air       0%         1d11      100%        5


Dungeon Overview and Level Annotations

Branches:
Dungeon (1/15)

Altars:


Message History

You hit the hobgoblin.
You kill the hobgoblin!
Items here: ( )) †.
Found 5 stones.
There are no items here.
Items here: ( )) †.
Okay, then.
Found a bubbling grey potion.
An endoplasm comes into view.
Unknown command.
Unknown command.
The endoplasm quivers.
An endoplasm comes into view.
The endoplasm quivers.
Reach: a) +0 spear
Press: ? - help, Dir - move target, f - endoplasm
Aim: an endoplasm (about 13% to evade your +0 spear)
You reach to attack!
You barely miss the endoplasm. You barely miss the endoplasm.
The endoplasm hits you.
* * * LOW HITPOINT WARNING * * *
You hit the endoplasm but do no damage. The endoplasm hits you.
* * * LOW HITPOINT WARNING * * *
You barely miss the endoplasm. The endoplasm closely misses you.
You hit the endoplasm but do no damage. The endoplasm hits you.
* * * LOW HITPOINT WARNING * * *
The endoplasm hits you.
* * * LOW HITPOINT WARNING * * *
You hit the endoplasm but do no damage. The endoplasm freezes you.
You are frozen.
* * * LOW HITPOINT WARNING * * *
The endoplasm freezes you.
You are frozen.
* * * LOW HITPOINT WARNING * * *
You are confused.
You feel invigorated. The endoplasm hits you.
* * * LOW HITPOINT WARNING * * *
The endoplasm freezes you.
You are frozen.
You die...

######### #.......#
#.......# #.......#
#.......# ..(...
#..!....#.## .....#####
#...@....... .........#
#..JJ.......
.....###.####...........
...........##.......##..
..####...#.##...........
..##.....#...#####.....
........................
..##.###.#.#.#####.....#
..##.....#...##### ...#


You could see 2 endoplasms.

Vanquished Creatures
  2 endoplasms (D:1)
  3 hobgoblins (D:1)
  A quokka (D:1)
  2 ball pythons (D:1)
  4 kobolds (D:1)
  2 rats (D:1)
14 creatures vanquished.

Notes
Turn   | Place    | Note
-------+----------+-------------------------------------------
     0 | D:1      | NinjaNoafa the Hill Orc Monk began the quest for the Orb.
     0 | D:1      | Reached XP level 1. HP: 19/19 MP: 1/1
     0 | D:1      | Noticed an orb of fire
     0 | D:1      | Noticed a large abomination
     1 | D:1      | Noticed a tentacled monstrosity
     3 | D:1      | Noticed an iron dragon
     3 | D:1      | Noticed an iron dragon
     5 | D:1      | Noticed an ice dragon
     7 | D:1      | Noticed a golden dragon
    15 | D:1      | Noticed a shadow dragon
    17 | D:1      | Noticed an orb of fire
    17 | D:1      | Noticed a green draconian
    19 | D:1      | Noticed a shadow dragon
    19 | D:1      | Noticed a golden dragon
    21 | D:1      | Noticed a shadow dragon
    21 | D:1      | Noticed an ice dragon
    21 | D:1      | Noticed an orb of fire
    23 | D:1      | Noticed an iron dragon
    23 | D:1      | Noticed a shadow dragon
    25 | D:1      | Noticed a large abomination
    95 | D:1      | Reached XP level 2. HP: 16/26 MP: 2/2
   124 | D:1      | Reached skill level 4 in Polearms
   195 | D:1      | Frozen to death by an endoplasm

Illustrated notes

Levels and vault maps discovered:
D:1:      shiori_arrival_whats_in_store_for_you, layout_basic, serial_shops,
          shop, serial_bayou_pond_d

Skill      XL: |  1  2 |
---------------+-------+-----
Polearms       | 4 |  4.2
Fighting       | |  3.6
Dodging        | |  2.4
Stealth        | |  1.5

Action                     || total
---------------------------++-------
  Melee: Spear             ||    61
    Use: Potion            ||     1
   Stab: Sleeping          ||     1
 Armour: Robe              ||     7
  Dodge: Dodged            ||    25

Table legend: (Time is in decaauts)
 A = Elapsed time spent in this place.
 B = Non-inter-level travel time spent in this place.
 C = Inter-level travel time spent in this place.
 D = Time resting spent in this place.
 E = Time spent auto-exploring this place.
 F = Levels seen in this place.
 G = Mean time per level.
                   A        B        C        D        E       F      G
               +--------+--------+--------+--------+--------+-----+--------+
         Total |    189 |    189 |      0 |      0 |      0 |   1 |  189.0 |
       Dungeon |    189 |    189 |      0 |      0 |      0 |   1 |  189.0 |
               +--------+--------+--------+--------+--------+-----+--------+

Top non-repeatable levels by time:
     D:1: 189 daAuts
